 Dungeon Crawl Stone Soup version 0.20.0-15-g7f486f2 (webtiles) character file.

6910 NoNouf the Basher (level 11, -2/68 HPs)
             Began as a Gargoyle Fighter on June 20, 2017.
             Was a Believer of the Shining One.
             Splashed by an oklob plant's acid (7 damage)
             ... on level 2 of the Lair of Beasts.
             The game lasted 01:19:34 (9542 turns).

NoNouf the Basher (Gargoyle Fighter)                Turns: 9542, Time: 01:19:35

Health: -2/68      AC: 19    Str: 20    XL:     11   Next: 7%
Magic:  11/11      EV:  7    Int: 10    God:    the Shining One [**....]
Gold:   558        SH:  9    Dex: 11    Spells: 10/10 levels left

rFire    x . .     SeeInvis .   a - +1 flail
rCold    + + .     Gourm    .   c - +0 shield
rNeg     + + .     Faith    .   F - +1 ice dragon scales
rPois    ∞         Spirit   .   j - +0 helmet
rElec    +         Reflect  .   (no cloak)
rCorr    .         Harm     .   D - +0 pair of gloves
MR       .....                  (no boots)
Stlth    ..........             u - amulet of regeneration
Regen    0.7/turn               m - ring of flight
MPRegen  0.2/turn               (no ring)

@: corroded, glowing
A: negative energy resistance 1, electricity resistance, unbreathing,
petrification resistance, rot immunity, AC +7
a: Divine Shield, Renounce Religion, Evoke Flight


You were on level 2 of the Lair of Beasts.
You worshipped the Shining One.
The Shining One was pleased with you.
You were not hungry.

You visited 3 branches of the dungeon, and saw 11 of its levels.

You collected 558 gold pieces.

Inventory:

Hand Weapons
 a - a +1 flail (weapon)
 i - a +0 hand axe of holy wrath
 l - a +0 shortbow
Missiles
 E - 48 arrows
Armour
 c - a +0 shield (worn)
 j - a +0 helmet (worn)
 x - a +0 plate armour
 A - a cursed +0 ring mail
 D - a +0 pair of gloves (worn)
 F - +1 ice dragon scales (worn)
Jewellery
 m - a ring of flight (left hand)
 u - an amulet of regeneration (around neck)
Wands
 b - a wand of flame (32/48)
 r - a wand of acid (8/15)
Scrolls
 d - a scroll of remove curse {unknown}
 e - 9 scrolls of identify
 s - a scroll of magic mapping
 C - a scroll of amnesia
 G - a scroll of blinking {unknown}
 I - a scroll of random uselessness {unknown}
 J - 3 scrolls of recharging {unknown}
 N - a scroll of vulnerability {unknown}
Potions
 g - a potion of agility
 n - a potion of degeneration {unknown}
 p - a potion of cancellation
 q - a potion of mutation {unknown}
 t - 3 potions of curing
 w - a potion of ambrosia {unknown}
 z - a potion of magic {unknown}
 B - a potion of flight {unknown}
 H - a potion of heal wounds {unknown}
 L - a potion of lignification {unknown}
Books
 y - a book of Air

   Spells                             Type                      Level
   a - Shock                          Conjuration/Air              1
   b - Swiftness                      Charms/Air                   2
   c - Static Discharge               Conjuration/Air              3
   d - Airstrike                      Air                          4
   e - Lightning Bolt                 Conjuration/Air              5
Comestibles
 f - 11 bread rations
 h - 5 royal jellies
 o - 3 fruits
 K - 2 meat rations


   Skills:
 - Level 8.2 Fighting
 - Level 0.3(8.0) Axes
 + Level 13.2(13.3) Maces & Flails
 - Level 8.1 Armour
 - Level 3.2 Shields
 - Level 0.1 Evocations


You had 10 spell levels left.
You didn't know any spells.

Dungeon Overview and Level Annotations

Branches:
Dungeon (8/15)             Temple (1/1) D:4            Lair (2/6) D:8
  Swamp: Lair:2-4    Shoals: Lair:2-4     Snake: Lair:2-4    Spider: Lair:2-4

Altars:
Ashenzari
Cheibriados
Dithmenos
Elyvilon
Fedhas
Gozag
Hepliaklqana
Kikubaaqudgha
Makhleb
Nemelex Xobeh
Okawaru
Qazlal
Ru
Sif Muna
Trog
Uskayaw
Vehumet
Xom
Yredelemnul
Zin
The Shining One

Annotations:
Lair:2 exclusion: 2 oklob plants


Innate Abilities, Weirdness & Mutations

You are resistant to torment.
Your stone body is resilient. (AC +7)
You are immune to poison.
You resist negative energy. (rN+)
You are resistant to electric shocks. (rElec)
You can survive without breathing.
You are immune to petrification.
You are immune to rotting.


Message History

The splash of acid hits you!
You are splashed with acid!
The acid burns!
You hit the oklob plant but do no damage.
You thump the oklob plant!
The oklob plant is lightly damaged.
The oklob plant spits acid at you. The splash of acid hits you!
* * * LOW HITPOINT WARNING * * *
The acid corrodes you!
You are splashed with acid!
The acid burns!
* * * LOW HITPOINT WARNING * * *
As you read the scroll of teleportation, it crumbles to dust.
You feel strangely unstable.
It was a potion of cancellation.
You feel strangely stable.
Your magical effects are unravelling.
You feel magically purged.
You are no longer corroded.
The oklob plant spits acid at you. The splash of acid hits you!
The acid corrodes you!
You are splashed with acid!
The acid burns!
You die...

....##....#.#.....##
...#................
............P.......
.............$......
..#.................
#..................
.#.P........>.......
......P@...<<<....P.
....#(......>.......
. #................
..P................
#P..................
##..........P.......
....#...............
P..###..#.......#...


You could see an oklob plant.

Vanquished Creatures
  A two-headed ogre (D:7)
  A black mamba (Lair:1)
  3 komodo dragons
  3 blink frogs (Lair:1)
  A spriggan (D:7)
  A wyvern (D:8)
  13 yaks (Lair:1)
  2 water moccasins
  2 porcupines (Lair:1)
  2 sky beasts
  3 orc warriors
  A phantom (D:8)
  An ogre (D:7)
  A necrophage (D:5)
  2 centaurs
  A crocodile (Lair:1)
  3 bullfrogs
  An electric eel (Lair:1)
  3 crimson imps
  2 hounds
  3 jellies
  7 orc wizards
  2 bullfrog skeletons
  2 orc priests
  2 iguanas (D:4)
  4 worker ants
  2 killer bee zombies (D:8)
  2 hound zombies
  A worker ant zombie (D:6)
  9 adders
  A shadow imp (D:7)
  An adder skeleton (D:8)
  An adder zombie (D:5)
  5 worms
  5 leopard geckos
  28 orcs
  5 bats
  6 giant cockroaches
  11 hobgoblins
  6 jackals
  A quokka (D:2)
  3 ball pythons
  3 frilled lizards
  9 goblins
  A jackal zombie (D:5)
  6 kobolds
  A quokka skeleton (D:5)
  12 rats
186 creatures vanquished.

Vanquished Creatures (others)
  2 fungi (Lair:1)
  A plant (D:8)
3 creatures vanquished.

Grand Total: 189 creatures vanquished

Notes
Turn   | Place    | Note
-------+----------+-------------------------------------------
     0 | D:1      | NoNouf the Gargoyle Fighter began the quest for the Orb.
     0 | D:1      | Reached XP level 1. HP: 14/14 MP: 1/1
   175 | D:1      | Reached XP level 2. HP: 3/19 MP: 2/2
  1230 | D:2      | Reached XP level 3. HP: 19/23 MP: 3/3
  1342 | D:2      | Reached skill level 3 in Maces & Flails
  1554 | D:2      | Found a faded altar of an unknown god.
  1812 | D:2      | Reached XP level 4. HP: 19/28 MP: 4/4
  2234 | D:3      | Found a stormy altar of Qazlal.
  2356 | D:3      | Reached skill level 4 in Maces & Flails
  2356 | D:3      | Reached XP level 5. HP: 32/32 MP: 5/5
  2598 | D:3      | Found a sparkling altar of Nemelex Xobeh.
  2933 | D:3      | Found a burning altar of Makhleb.
  3107 | D:4      | Found a staircase to the Ecumenical Temple.
  3123 | Temple   | Entered the Ecumenical Temple
  3149 | Temple   | Became a worshipper of the Shining One
  3170 | D:4      | Reached skill level 5 in Armour
  3183 | D:4      | Reached skill level 5 in Maces & Flails
  3183 | D:4      | Reached XP level 6. HP: 24/37 MP: 6/6
  3279 | D:5      | Entered Level 5 of the Dungeon
  3329 | D:5      | Noticed an orc warrior
  3506 | D:5      | Reached skill level 6 in Maces & Flails
  3506 | D:5      | Reached XP level 7. HP: 35/41 MP: 7/7
  3756 | D:5      | Found a bloodstained altar of Trog.
  3905 | D:5      | Reached * piety under the Shining One
  4619 | D:6      | Reached skill level 7 in Maces & Flails
  4619 | D:6      | Reached XP level 8. HP: 46/46 MP: 8/8
  5283 | D:6      | Found an iron altar of Okawaru.
  5635 | D:6      | Noticed a two-headed ogre
  6740 | D:7      | Noticed a spriggan baker
  6757 | D:7      | Killed a spriggan baker
  6757 | D:7      | Reached skill level 5 in Fighting
  6901 | D:7      | Reached XP level 9. HP: 52/56 MP: 9/9
  6923 | D:7      | Found an ancient bone altar of Kikubaaqudgha.
  7410 | D:8      | Reached ** piety under the Shining One
  7519 | D:8      | Found a shattered altar of Ashenzari.
  7575 | D:8      | Found a glowing silver altar of Zin.
  7640 | D:8      | Noticed a two-headed ogre
  7675 | D:7      | Killed a two-headed ogre
  7675 | D:7      | Reached skill level 9 in Maces & Flails
  7994 | D:8      | Found a staircase to the Lair.
  7995 | D:8      | Noticed a komodo dragon
  8016 | D:8      | Killed a komodo dragon
  8016 | D:8      | Reached skill level 10 in Maces & Flails
  8016 | D:8      | Reached XP level 10. HP: 64/64 MP: 10/10
  8025 | Lair:1   | Entered Level 1 of the Lair of Beasts
  8105 | Lair:1   | Reached skill level 11 in Maces & Flails
  8497 | Lair:1   | Reached skill level 12 in Maces & Flails
  8812 | Lair:1   | Noticed a black mamba
  8825 | Lair:1   | Killed a black mamba
  8825 | Lair:1   | Reached skill level 13 in Maces & Flails
  8825 | Lair:1   | Reached XP level 11. HP: 64/68 MP: 11/11
  9451 | Lair:2   | Noticed an oklob plant
  9451 | Lair:2   | Noticed an oklob plant
  9542 | Lair:2   | Splashed by an oklob plant's acid

Skill      XL: |  1  2  3  4  5  6  7  8  9 10 |
---------------+-------------------------------+-----
Armour         | 4 5 6 8 |  8.1
Maces & Flails | 3 4 5 6 7 10 13 | 13.2
Fighting       | 6 8 |  8.2
Axes           | |  0.3
Shields        | |  3.2
Evocations     | |  0.1

Action                   |  1- 3 |  4- 6 |  7- 9 | 10-12 || total
-------------------------+-------+-------+-------+-------++-------
Melee: Flail             |   165 |   235 |    55 |   184 ||   639
       Hand axe          |       |       |   423 |       ||   423
 Fire: Shortbow          |       |       |     3 |       ||     3
 Abil: Evoke Flight      |     1 |       |     1 |     2 ||     4
  Use: Scroll            |     1 |     3 |     5 |     2 ||    11
       Potion            |       |     3 |     2 |     2 ||     7
  Eat: Chunk             |     3 |     6 |    10 |     4 ||    23
       Meat ration       |       |       |     1 |       ||     1
       Fruit             |       |       |     1 |     1 ||     2
Armor: Scale mail        |    81 |   126 |     5 |       ||   212
       Plate armour      |       |       |   250 |       ||   250
       Ice dragon scales |       |       |    59 |    65 ||   124
Dodge: Dodged            |    42 |    56 |    72 |    28 ||   198
Block: Shield            |    66 |   107 |   175 |    60 ||   408
